 Dungeon Crawl Stone Soup version 0.31-a0-1405-g2bb1a01664 (webtiles) character file.

Game seed: 16968413661770494655

232 porpoise the Shooter (level 5, 0/47 HPs)
             Began as a Minotaur Hunter on Dec 26, 2023.
             Incinerated by a bombardier beetle (2 damage)
             ... with a burning spray
             ... on level 3 of the Dungeon.
             The game lasted 00:06:03 (2213 turns).

porpoise the Shooter (Minotaur Hunter)              Turns: 2213, Time: 00:06:03

Health: 0/47       AC:  7    Str: 15    XL:     5   Next: 73%
Magic:  4/4        EV: 12    Int:  6    God:
Gold:   124        SH:  0    Dex: 16    Spells: 4/4 levels left

rFire   . . .        a - +0 shortbow
rCold   . . .        (shield currently unavailable)
rNeg    . . .        c - +0 leather armour
rPois   .            (helmet restricted)
rElec   .            x - +0 cloak of Ceafim {Rampage Will+ Stlth+}
rCorr   .            (no gloves)
SInv    .            u - +2 pair of boots
Will    +....        (no amulet)
Stlth   +            (no ring)
HPRegen 0.27/turn    (no ring)
MPRegen 0.09/turn

%: rampage
@: on fire, glowing
A: horns 2, retaliatory headbutt
a: no special abilities


You were on level 3 of the Dungeon.
You visited 1 branch of the dungeon, and saw 4 of its levels.

You collected 124 gold pieces.

Inventory:

Hand Weapons
 a - a +0 shortbow (weapon)
 b - a +3 whip
Missiles
 h - 5 poisoned darts
 t - 6 darts of dispersal
Armour
 c - a +0 leather armour (worn)
 q - a +2 buckler
 u - a +2 pair of boots (worn)
 w - a +2 chain mail of fire resistance
 x - the +0 cloak of Ceafim (worn) {Rampage Will+ Stlth+}
   (You found it on level 3 of the Dungeon)

   Will+:     It increases your willpower.
   Rampage:   It bestows one free step when moving towards enemies.
   Stlth+:    It makes you more stealthy.
Jewellery
 p - a ring of resist corrosion
Scrolls
 d - a scroll of noise
 r - 2 scrolls of butterflies
 s - a scroll of amnesia {unknown}
 v - a scroll of blinking {unknown}
Potions
 f - 2 potions of heal wounds
 g - a potion of brilliance
 j - a potion of haste
 l - a potion of curing
 o - 3 potions of lignification


   Skills:
 + Level 4.6 Fighting
 * Level 6.8 Ranged Weapons
 - Level 2.1 Dodging
 - Level 0.7 Stealth


You had 4 spell levels left.
You didn't know any spells.
Your spell library contained the following spells:

 Spells                   Type           Power      Damage    Failure   Level
 Dazzling Flash           Conj/Hex       0%         N/A       88%         3
 Volatile Blastmotes      Fire/Tloc      0%         2d10      88%         3
 Starburst                Conj/Fire      0%         6d3       100%        6
 Maxwell's Capacitive Co  Air            0%         ∞         100%        8


Dungeon Overview and Level Annotations

Branches:
Dungeon (4/15)
 Temple: D:4-7

Altars:
Elyvilon
Xom

Shops:
D:1 =   D:3 [


Innate Abilities, Weirdness & Mutations

You have a pair of horns on your head.
You reflexively headbutt those who attack you in melee.


Message History

The liquid fire burns you!
You shoot an arrow.
The arrow hits the bombardier beetle but does no damage.
The bombardier beetle is lightly wounded.
The liquid fire burns you!
The bombardier beetle sprays incendiary fluid at you.
The burning spray hits you.
You are even more covered in liquid fire!
You shoot an arrow. The arrow hits the bombardier beetle!
The bombardier beetle is severely wounded.
The liquid fire burns you!
You are too injured to fight recklessly!
You are too injured to fight recklessly!
You are too injured to fight recklessly!
Fire: a) +0 shortbow
Press: ? - help, Q - select action, (/) - cycle Shift-Dir - straight line, f/p - bombardier beetle
Aim: a bombardier beetle (severely wounded, 75% to hit)
You shoot an arrow.
The arrow closely misses the bombardier beetle.
The liquid fire burns you!
* * * LOW HITPOINT WARNING * * *
You shoot an arrow. The arrow hits the bombardier beetle.
You kill the bombardier beetle!
The liquid fire burns you!
* * * LOW HITPOINT WARNING * * *
The liquid fire burns you!
* * * LOW HITPOINT WARNING * * *
You shake off some of the fire as you move.
You climb upwards.
The liquid fire burns you!
* * * LOW HITPOINT WARNING * * *
There is a stone staircase leading down here.
Okay, then.
You are on fire!
You shake off some of the fire as you move.
The liquid fire burns you!
* * * LOW HITPOINT WARNING * * *
You shake off some of the fire as you move.
The liquid fire burns you!
You die...

.....#####......# ##...........
...........####÷# ##..........
.....####### #..######...........
.....#########.##................
#.#......#.........####..........
#................................
##.)...............####..........
.#.........................<.....
................@.>..............
).................>.####.........
........................#........
...................####..#.......
.§.................#####....<....
....<.................##.†.......
§§........(....######............
...§......>....................>.
...§............########.........


There were no monsters in sight!

Vanquished Creatures
  A bombardier beetle (D:4)
  A jelly (D:3)
  An orc wizard (D:2)
  5 gnolls
  4 adders
  2 dart slugs
  6 orcs (D:3)
  6 ball pythons
  3 bats
  3 endoplasms
  A giant cockroach (D:4)
  3 goblins
  4 hobgoblins
  9 jackals
  3 quokkas
  3 frilled lizards
  A kobold (D:2)
56 creatures vanquished.

Notes
Turn   | Place    | Note
-------+----------+-------------------------------------------
     0 | D:1      | porpoise the Minotaur Hunter began the quest for the Orb.
     0 | D:1      | Reached XP level 1. HP: 18/18 MP: 0/0
    71 | D:1      | Reached XP level 2. HP: 9/25 MP: 1/1
   220 | D:1      | Found Unuargh's Jewellery Shop.
   333 | D:1      | Reached skill level 5 in Ranged Weapons
   436 | D:1      | Found a faded altar of an unknown god.
   774 | D:2      | Reached XP level 3. HP: 31/31 MP: 2/2
  1295 | D:2      | Reached XP level 4. HP: 24/40 MP: 3/3
  1522 | D:3      | Found Farghaon's Armour Shop.
  1529 | D:2      | Reached skill level 6 in Ranged Weapons
  1647 | D:3      | Reached XP level 5. HP: 36/46 MP: 4/4
  1923 | D:3      | Found a white marble altar of Elyvilon.
  2056 | D:3      | Found a shimmering altar of Xom.
  2069 | D:3      | Identified the +0 cloak of Ceafim {Rampage Will+ Stlth+}
  2212 | D:3      | HP: 2/47 [burnt (3)]
  2213 | D:3      | Incinerated by a bombardier beetle

Illustrated notes

Levels and vault maps discovered:
D:1:      nzn_arrival_water_spiral, layout_loops_ring,
          shapermc_ecumenical_altar_venn, serial_shops, shop
D:2:      layout_basic
D:3:      layout_rooms, old_standard_altar, mainiacjoe_overflow_cross_hatched,
          serial_shops, nicolae_shop_getting_attention, minivault_24,
          kennysheep_generic_room_15
D:4:      layout_gridville, fedhas_altar_1, portal_sewer_entry_f, uniq_grinder,
          uniq_crazy_yiuf_cottage

Skill      XL: |  1  2  3  4 |
---------------+-------------+-----
Fighting       | 3 4 |  4.6
Ranged Weapons | 5 6 |  6.8
Dodging        | |  2.1
Stealth        | |  0.7

Action                     |  1- 3 |  4- 6 || total
---------------------------+-------+-------++-------
   Fire: Shortbow          |    73 |    89 ||   162
    Use: Scroll            |       |    11 ||    11
 Armour: Leather armour    |    12 |    19 ||    31
  Dodge: Dodged            |    18 |    17 ||    35

Table legend: (Time is in decaauts)
 A = Elapsed time spent in this place.
 B = Non-inter-level travel time spent in this place.
 C = Inter-level travel time spent in this place.
 D = Time resting spent in this place.
 E = Time spent auto-exploring this place.
 F = Levels seen in this place.
 G = Mean time per level.
                   A        B        C        D        E       F      G
               +--------+--------+--------+--------+--------+-----+--------+
         Total |   2243 |   2169 |     74 |    207 |   1598 |   4 |  560.8 |
       Dungeon |   2243 |   2169 |     74 |    207 |   1598 |   4 |  560.8 |
               +--------+--------+--------+--------+--------+-----+--------+

Top non-repeatable levels by time:
     D:2: 846 daAuts
     D:1: 740 daAuts
     D:3: 600 daAuts
     D:4: 56 daAuts
